 Dungeon Crawl Stone Soup version 0.23-a0-386-g9c9d49f (webtiles) character file.

14 Cryolive the Digger (level 2, -1/15 HPs)
             Began as a Gargoyle Earth Elementalist on Oct 28, 2018.
             Slain by a goblin
             ... wielding a +0 club
              (2 damage)
             ... on level 1 of the Dungeon.
             The game lasted 00:01:18 (490 turns).

Cryolive the Digger (Gargoyle Earth Elementalist)    Turns: 490, Time: 00:01:18

Health: -1/15      AC:  4    Str: 11    XL:     2   Next: 41%
Magic:  5/5        EV: 12    Int: 15    God:
Gold:   9          SH:  0    Dex: 10    Spells: 4/5 levels left

rFire    . . .     SeeInvis .   g - -3 spear (curse)
rCold    . . .     Gourm    .   (no shield)
rNeg     + . .     Faith    .   c - +0 robe
rPois    ∞         Spirit   .   (no helmet)
rElec    +         Reflect  .   (no cloak)
rCorr    .         Harm     .   (no gloves)
MR       .....                  (no boots)
Stlth    ++........             (no amulet)
HPRegen  0.05/turn              (no ring)
MPRegen  0.09/turn              (no ring)

@: no status effects
A: negative energy resistance 1, electricity resistance, unbreathing,
petrification resistance, rot immunity, AC +2
a: no special abilities


You were on level 1 of the Dungeon.
You were not hungry.

You visited 1 branch of the dungeon, and saw 1 of its levels.

You collected 9 gold pieces.

Inventory:

Hand Weapons
 e - a +0 hand axe
 g - a cursed -3 spear (weapon)
Missiles
 b - 25 stones (quivered)
Armour
 c - a +0 robe (worn)
Scrolls
 f - a scroll of blinking {unknown}
 h - a scroll of remove curse {unknown}
Potions
 a - a potion of curing {unknown}
Comestibles
 d - a ration


   Skills:
 - Level 1.5 Dodging
 - Level 2.1 Stealth
 + Level 2.4 Spellcasting
   Level 0.7 Transmutations
 + Level 4.1 Earth Magic


You had 4 spell levels left.
You knew the following spells:

 Your Spells              Type           Power        Failure   Level  Hunger
a - Sandblast             Erth           ##....       3%          1    #......

Your spell library contained the following spells:

 Spells                   Type           Power        Failure   Level  Hunger
 Passwall                 Tmut/Erth      #.......     12%         2    ###....
 Stone Arrow              Conj/Erth      #.....       26%         3    ###....
 Petrify                  Tmut/Erth      #.......     61%         4    #####..
 Lee's Rapid Deconstruct  Erth           ##........   71%         5    ######.


Dungeon Overview and Level Annotations

Branches:
Dungeon (1/15)

Altars:
Okawaru


Innate Abilities, Weirdness & Mutations

You are resistant to torment.
Your stone body is resilient. (AC +2)
You are immune to poison.
You resist negative energy. (rN+)
You are resistant to electric shocks. (rElec)
You can survive without breathing.
You are immune to petrification.
You are immune to rotting.


Message History

* * * LOW HITPOINT WARNING * * *
The jackal closely misses you.
You hit the jackal.
You kill the jackal!
The goblin barely misses you.
You completely miss the goblin. The goblin misses you.
The goblin closely misses you.
You barely miss the goblin. The goblin hits you but does no damage.
The goblin hits you with a +0 club.
* * * LOW HITPOINT WARNING * * *
You hit the goblin.
The goblin is severely wounded.
The goblin misses you. The goblin hits you but does no damage.
You barely miss the goblin.
The goblin is severely wounded.
The goblin misses you. The goblin closely misses you.
You hit the goblin.
The goblin is almost dead.
The goblin closely misses you. The goblin hits you with a +0 club.
You die...

.........##.._..##.#####
..........#.).).#....(..
......................##
............###.....÷.#
###..........#........#
#########...........# ..
#....#......#
###.#####...##.....##
#...g@g.....##...#.#
#.#.####....##...#.# #
#....# #.### #.g..#
#...† #....# #..##
#....# ##.## .....# #..#
..#### #..# ... #...


You could see 2 goblins.

Vanquished Creatures
  4 bats (D:1)
  2 giant cockroaches (D:1)
  3 jackals (D:1)
  A frilled lizard (D:1)
  A rat (D:1)
11 creatures vanquished.

Notes
Turn   | Place    | Note
-------+----------+-------------------------------------------
     0 | D:1      | Cryolive the Gargoyle Earth Elementalist began the quest
                  | for the Orb.
     0 | D:1      | Reached XP level 1. HP: 10/10 MP: 3/3
   161 | D:1      | Reached skill level 4 in Earth Magic
   161 | D:1      | Reached XP level 2. HP: 4/15 MP: 1/5
   432 | D:1      | Found an iron altar of Okawaru.
   490 | D:1      | Slain by a goblin

Vault maps used:
D:1:      dpeg_arrival_court, okawaru_ov_weapons_minmay

Skill      XL: |  1 |
---------------+----+-----
Earth Magic    | 4 |  4.1
Dodging        | |  1.5
Stealth        | |  2.1
Spellcasting   | |  2.4
Transmutations | |  0.7

Action                   || total
-------------------------++-------
Melee: Hand axe          ||    28
       Unarmed           ||     3
       Spear             ||    27
 Cast: Sandblast         ||     5
 Stab: Sleeping          ||     1
Armor: Robe              ||    31
Dodge: Dodged            ||    68

Table legend:
 A = Non-vault XP
 B = Vault XP
 C = Vault XP percentage of total XP
 D = Non-vault monster count
 E = Vault monster count
 F = Vault count percentage of total count
                 A         B        C        D         E       F
            +---------+---------+-------+---------+---------+-------
      Total |      20 |       0 |   0.0 |      11 |       0 |   0.0
            +---------+---------+-------+---------+---------+-------
        D:1 |      20 |       0 |   0.0 |      11 |       0 |   0.0
            +---------+---------+-------+---------+---------+-------
